 Seeded DCSS version 0.30-a0-883-g5ad918d77d (webtiles) character file.

Game seed: 8623002443555132345 (custom seed)

49 Mickster the Covered (level 3, -2/28 HPs)
             Began as a Demigod Wanderer on Mar 15, 2023.
             Slain by a gnoll
             ... wielding a +0 spear
              (4 damage)
             ... on level 2 of the Dungeon.
             The game lasted 00:16:41 (1435 turns).

Mickster the Covered (Demigod Wanderer)             Turns: 1435, Time: 00:16:41

Health: -2/28      AC:  7    Str: 14    XL:     3   Next: 32%
Magic:  5/5        EV: 10    Int: 12    God:
Gold:   70         SH:  0    Dex: 18    Spells: 2/2 levels left

rFire   . . .      SeeInvis .    a - +2 short sword (venom)
rCold   . . .      Faith    +    (no shield)
rNeg    . . .      Spirit   .    c - +0 ring mail
rPois   .          Reflect  .    (helmet restricted)
rElec   .          Rampage  .    (no cloak)
rCorr   .                        e - +1 pair of gloves
Will    .....                    (no boots)
Stlth   +                        b - amulet of faith
HPRegen 0.24/turn                (no ring)
MPRegen 0.09/turn                (no ring)

@: unable to drink
A: high MP 1, forlorn, divine attributes, antennae 1, inability to drink after
injury 1
a: no special abilities


You were on level 2 of the Dungeon.
You visited 1 branch of the dungeon, and saw 2 of its levels.

You collected 70 gold pieces.

Inventory:

Hand Weapons
 a - a +2 short sword of venom (weapon)
Armour
 c - a +0 ring mail (worn)
 e - a +1 pair of gloves (worn)
Jewellery
 b - an amulet of faith (around neck)
Scrolls
 f - a scroll of brand weapon
 h - a scroll of magic mapping
Potions
 d - a potion of berserk rage
 g - a potion of mutation
 i - a potion of heal wounds {unknown}


   Skills:
 + Level 1.1 Fighting
 + Level 3.3 Short Blades
 + Level 3.4 Armour
 + Level 0.2 Stealth
 + Level 1.0 Unarmed Combat
 + Level 2.0 Evocations


You had 2 spell levels left.
You didn't know any spells.
Your spell library was empty.

Dungeon Overview and Level Annotations

Branches:
Dungeon (2/15)

Shops:
D:1 (


Innate Abilities, Weirdness & Mutations

You have an increased reservoir of magic. (+10% MP)
You shall have no god before yourself.
Your divine heritage dramatically boosts your attributes as you level up.
You have a pair of small antennae on your head.
You occasionally lose the ability to drink potions when taking damage.


Message History

There is an open door here. 2 gnolls come into view.
The gnoll shouts! x2
A gnoll comes into view. It is wielding a +0 spear.
The gnoll shouts!
A kobold comes into view. It is wielding a +0 whip.
You hit the kobold.
The kobold is heavily wounded.
The kobold hits you with a +0 whip. The gnoll hits you but does no damage.
You barely miss the kobold.
The kobold is heavily wounded.
The gnoll hits you but does no damage. The kobold hits you but does no damage.
You hit the kobold.
You kill the kobold!
The gnoll barely misses you.
Things that are here:
a +0 whip; 2 stones The gnoll closely misses you.
The gnoll hits you with a +0 spear.
The gnoll hits you from afar with a +0 spear.
You barely miss the gnoll. The gnoll barely misses you.
The gnoll closely misses you.
You hit the gnoll but do no damage. The gnoll hits you but does no damage.
The gnoll hits you from afar with a +0 spear.
You puncture the gnoll!
The gnoll is poisoned.
The gnoll is heavily wounded.
The gnoll hits you with a +0 spear.
* * * LOW HITPOINT WARNING * * *
The gnoll hits you from afar with a +0 spear.
* * * LOW HITPOINT WARNING * * *
You barely miss the gnoll.
The gnoll is heavily wounded.
The gnoll hits you with a +0 spear.
You feel threatened and lose the ability to drink potions!
* * * LOW HITPOINT WARNING * * *
The gnoll barely misses you.
You hit the gnoll.
You kill the gnoll!
The gnoll hits you from afar with a +0 spear.
You die...

#.# #.#
#.###
#.#..
#.#.#
#.#.#
#####.#.#
#.....).#
#..##@###
#.. #)#
... #g#
## #g#
..# #.#
#.# #.#


You could see 2 gnolls.

Vanquished Creatures
  A gnoll (D:2)
  An adder (D:2)
  A dart slug (D:1)
  2 endoplasms
  4 giant cockroaches
  3 goblins
  4 hobgoblins (D:1)
  8 kobolds
  2 quokkas (D:1)
  5 ball pythons
  2 frilled lizards (D:1)
  3 rats (D:1)
36 creatures vanquished.

Notes
Turn   | Place    | Note
-------+----------+-------------------------------------------
     0 | D:1      | Mickster the Demigod Wanderer began the quest for the Orb.
     0 | D:1      | Mickster set off with the following items: a +2 short
                  | sword, a potion of attraction, a +0 ring mail, a potion of
                  | berserk rage.
     0 | D:1      | Reached XP level 1. HP: 16/16 MP: 3/3
    66 | D:1      | Noticed a floating eye
    68 | D:1      | Noticed a shining eye
    71 | D:1      | Found Techioro's Weapon Boutique.
    72 | D:1      | Noticed an eye of devastation
    73 | D:1      | Noticed a great orb of eyes
   506 | D:1      | Reached XP level 2. HP: 23/23 MP: 4/4
   936 | D:2      | Gained mutation: You have a pair of small antennae on your
                  | head. [potion of mutation]
   936 | D:2      | Gained mutation: You occasionally lose the ability to drink
                  | potions when taking damage. [potion of mutation]
  1087 | D:2      | Reached XP level 3. HP: 28/28 MP: 5/5
  1434 | D:2      | HP: 1/28 [gnoll/+0 spear (4)]
  1435 | D:2      | Slain by a gnoll

Illustrated notes

Levels and vault maps discovered:
D:1:      dpeg_arrival_ternary, layout_loops_cross,
          hellmonk_ecumenical_altar_watching_god, serial_shops, shop,
          minmay_ruptured
D:2:      layout_basic, fountainhead, grunt_ministairs_9, interstate_on_off,
          minmay_close_crescents

Skill      XL: |  1  2  3 |
---------------+----------+-----
Armour         | 3 |  3.4
Short Blades   | 3 |  3.3
Evocations     | 2 |  2.0
Fighting       | |  1.1
Stealth        | |  0.2
Unarmed Combat | |  1.0

Action                     || total
---------------------------++-------
  Melee: Short sword       ||    87
         Punch             ||     2
    Use: Scroll            ||     8
         Potion            ||     2
 Armour: Ring mail         ||    35
  Dodge: Dodged            ||    33

Table legend: (Time is in decaauts)
 A = Elapsed time spent in this place.
 B = Non-inter-level travel time spent in this place.
 C = Inter-level travel time spent in this place.
 D = Time resting spent in this place.
 E = Time spent auto-exploring this place.
 F = Levels seen in this place.
 G = Mean time per level.
                   A        B        C        D        E       F      G
               +--------+--------+--------+--------+--------+-----+--------+
         Total |   1404 |   1283 |    121 |    234 |      0 |   2 |  702.0 |
       Dungeon |   1404 |   1283 |    121 |    234 |      0 |   2 |  702.0 |
               +--------+--------+--------+--------+--------+-----+--------+

Top non-repeatable levels by time:
     D:1: 872 daAuts
     D:2: 532 daAuts
